 Dungeon Crawl Stone Soup version 0.23.1-37-gaa34b87 (webtiles) character file.

Game seed: 7837258936025744085

507322 Fang the Slayer (level 25, -5/175 HPs)
             Began as a Gargoyle Berserker on Mar 20, 2019.
             Was the Champion of Trog.
             Slain by Mennas
             ... wielding a +2 eudemon blade of holy wrath
              (11 damage)
             ... on level 2 of the Crypt.
             The game lasted 01:38:38 (61159 turns).

Fang the Slayer (Gargoyle Berserker)               Turns: 61159, Time: 01:38:39

Health: -5/175     AC: 65    Str: 31    XL:     25   Next: 3%
Magic:  23/23      EV: 18    Int: 14    God:    Trog [******]
Gold:   3717       SH:  0    Dex: 16    Spells: 24/24 levels left

rFire    + . .     SeeInvis .   v - +9 executioner's axe "Naoluwugh" {protect, +Blink rElec rC+ Dex+7}
rCold    + + .     Gourm    +   (shield currently unavailable)
rNeg     + . .     Faith    .   T - +9 scales of the Dragon King {rPois rF+ rC+ MR+}
rPois    ∞         Spirit   .   u - +2 hat {MR+}
rElec    +         Reflect  .   S - +2 cloak {MR+}
rCorr    +         Harm     .   R - +1 pair of gloves of Eczadeil {MR+}
MR       +++++                  U - +2 pair of boots {Stlth+}
Stlth    ..........             r - amulet of the gourmand
HPRegen  0.39/turn              K - +4 ring of intelligence
MPRegen  0.18/turn              O - ring of resist corrosion

@: berserk cooldown, flying, slowed, glowing, silenced, very slow
A: big wings, negative energy resistance 1, screaming 1, electricity resistance,
unbreathing, petrification resistance, rot immunity, AC +19
}: 3/15 runes: serpentine, barnacled, silver
a: Stop Flying, Renounce Religion, Evoke Blink


You were on level 2 of the Crypt.
You worshipped Trog.
Trog was exalted by your worship.
You were completely stuffed.

You visited 10 branches of the dungeon, and saw 44 of its levels.
You visited the Abyss 1 time.
You visited 1 bazaar.
You also visited: Sewer.

You collected 6899 gold pieces.
You spent 3182 gold pieces at shops.

Inventory:

Hand Weapons
 d - a +3 executioner's axe of distortion
 f - a +6 battleaxe of freezing
 g - a +3 battleaxe of flaming
 v - the +9 executioner's axe "Naoluwugh" (weapon) {protect, +Blink rElec rC+ Dex+7}
   (You acquired it on level 1 of the Depths)

   It protects the one who uses it against injury (+AC on strike).
   It affects your dexterity (+7).
   It protects you from cold.
   It insulates you from electricity.
   It lets you blink.
 z - the +9 executioner's axe of Valiance {chop, Str+4 Int+6 Dex-5}
   (You acquired it on level 1 of the Crypt)

   It inflicts extra damage upon your enemies.
   It affects your strength (+4).
   It affects your intelligence (+6).
   It affects your dexterity (-5).
 C - the +9 hand axe of Trial by Ordeal {speed, +Blink +Rage Int-4}
   (Trog gifted it to you on level 4 of the Shoals)

   Attacks with this weapon are significantly faster.
   It affects your intelligence (-4).
   It lets you blink.
   It lets you go berserk.
 M - a +4 broad axe of draining
 N - the +3 war axe "Heacys Cikh" {chop, rElec}
   (You bought it in a shop on level 2 of the Orcish Mines)

   It inflicts extra damage upon your enemies.
   It insulates you from electricity.
 P - the +8 mithril axe "Arga" {speed, MR+}
   (Trog gifted it to you on level 5 of the Vaults)

   Attacks with this weapon are significantly faster.
   It affects your resistance to hostile enchantments.
 X - the +5 battleaxe "Haduz" {chop, rC+ rN+++ MR- Dex-4}
   (You took it off a centaur on level 1 of the Depths)

   It inflicts extra damage upon your enemies.
   It affects your dexterity (-4).
   It protects you from cold.
   It renders you almost immune to negative energy.
   It affects your resistance to hostile enchantments.
 Z - a +6 antimagic battleaxe
Armour
 u - a +2 hat of magic resistance (worn)
 R - the +1 pair of gloves of Eczadeil (worn) {MR+}
   (You found it on level 12 of the Dungeon)

   It affects your resistance to hostile enchantments.
 S - a +2 cloak of magic resistance (worn)
 T - the +9 scales of the Dragon King (worn) {rPois rF+ rC+ MR+}
   (You bought it in a shop on level 2 of the Orcish Mines)

   It protects you from fire.
   It protects you from cold.
   It protects you from poison.
   It affects your resistance to hostile enchantments.
 U - a +2 pair of boots of stealth (worn)
Jewellery
 i - a +3 ring of protection
 r - an amulet of the gourmand (around neck)
 t - a +4 amulet of reflection
 x - a +2 ring of evasion
 K - a +4 ring of intelligence (left hand)
 O - a ring of resist corrosion (right hand)
Wands
 e - a wand of enslavement (40)
 j - a wand of acid (22)
 p - a wand of flame (135)
 D - a wand of disintegration (46)
 E - a wand of iceblast (86)
 F - a wand of polymorph (19)
 I - a wand of random effects (69)
 L - a wand of digging (7)
 V - a wand of clouds (2)
 Y - a wand of paralysis (12)
Scrolls
 k - 17 scrolls of remove curse
 w - a scroll of summoning
 y - 4 scrolls of fog
 B - 17 scrolls of teleportation
 G - 2 scrolls of fear
 J - 3 scrolls of blinking
 Q - 3 scrolls of magic mapping
 W - 5 scrolls of identify
Potions
 a - a potion of agility
 b - 4 potions of cancellation
 h - 6 potions of curing
 l - 9 potions of brilliance
 m - 6 potions of might
 n - a potion of heal wounds
 o - 9 potions of ambrosia
 q - 4 potions of haste
 s - 3 potions of magic
 A - a potion of resistance
 H - a potion of invisibility
Comestibles
 c - 52 rations


   Skills:
 + Level 22.5 Fighting
 + Level 19.5 Axes
 + Level 22.4 Armour
 + Level 18.2 Dodging


You had 24 spell levels left.
You didn't know any spells.
Your spell library was empty.

Dungeon Overview and Level Annotations

Branches:
Dungeon (15/15)            Temple (1/1) D:7            Lair (6/6) D:11
 Shoals (4/4) Lair:3        Snake (4/4) Lair:4        Slime (0/5) Lair:5
    Orc (2/2) D:11            Elf (3/3) Orc:2        Vaults (5/5) D:13
  Crypt (2/3) Vaults:3     Depths (2/5) D:15

Altars:
Ashenzari
Cheibriados
Elyvilon
Fedhas
Kikubaaqudgha
Makhleb
Nemelex Xobeh
Trog
Uskayaw
Yredelemnul
The Shining One
Jiyva

Shops:
Orc:2 [*[!   Elf:2 :   Snake:2 *   Vaults:1 [   Vaults:2 %   Vaults:5 *

Portals:
Hell: Depths:1
Abyss: Depths:1
Trove: Elf:2 (give +0 shadow dragon scales)

Annotations:
D:14 2 transporters
Lair:4 exclusion: oklob plant
Shoals:1 exclusion: Roxanne, Roxanne
Snake:2 1 runed translucent door
Elf:2 4 runed translucent doors, exclusion: orange crystal statue
Crypt:2 Mennas
Depths:1 1 runed door


Innate Abilities, Weirdness & Mutations

You are resistant to torment.
Your stone body is resilient. (AC +19)
You are immune to poison.
Your large and strong wings let you fly indefinitely.
You resist negative energy. (rN+)
You are resistant to electric shocks. (rElec)
You can survive without breathing.
You are immune to petrification.
You are immune to rotting.
You occasionally shout uncontrollably at your foes.


Message History

Mennas hits you with a +2 eudemon blade of holy wrath.
* * * LOW HITPOINT WARNING * * *
Mennas hits you but does no damage.
You slash Mennas!
Your weapon exudes an aura of protection.
Mennas is heavily wounded.
Mennas hits you but does no damage. x4
Mennas blocks your attack.
Mennas is heavily wounded.
Mennas closely misses you. Mennas hits you but does no damage.
Mennas barely misses you. x2
You slice Mennas!!
Your weapon exudes an aura of protection.
Mennas is heavily wounded.
Mennas hits you but does no damage. x3; Mennas barely misses you.
Mennas blocks your attack.
Mennas is heavily wounded.
Mennas gestures at you.
Mennas hits you with a +2 eudemon blade of holy wrath!
You die...

###.######...#####.
#.######...####
#..........)..#
#.###########.# #...#
.... #...# #.....
###...###### #....W
#...####...####..8.
###.@.##........#....
####...A.##........##...
#......#.##.........##
#...............^....#
#.........#########.##
##........#########.####
#...##.................
#### ##.##########.....
#.####### #.....


You could see Mennas.

Vanquished Creatures
  Khufu (Crypt:2)
  Mara (Vaults:3)
  Boris (Crypt:2)
  A greater mummy (Crypt:1)
  Frederick (Crypt:1)
  Vashnia (Snake:3)
  A profane servitor (Abyss:3)
  5 golden dragons
  4 tentacled monstrosities (Vaults:5)
  4 titans
  A lich (Depths:2)
  A quicksilver dragon (Vaults:4)
  Gastronok (D:8)
  2 sphinxes
  3 krakens
  Frances (Shoals:1)
  2 ancient champions
  4 storm dragons
  5 deep elf sorcerers
  Donald (Vaults:3)
  3 fire giants
  6 nagarajas
  3 iron dragons
  3 tengu reavers
  6 frost giants
  2 curse skulls
  An orc warlord (Orc:1)
  Louise (Shoals:3)
  18 vault wardens
  2 ghouls (Crypt:2)
  22 ironheart preservers
  2 war gargoyles (Vaults:5)
  4 very ugly things
  Nessos (Lair:5)
  2 deep elf demonologists
  3 vampire knights
  17 stone giants
  5 deep elf annihilators
  3 spark wasps (Depths:1)
  6 ettins
  An eidolon (Crypt:2)
  5 deep elf death magi
  4 large abominations
  2 merfolk javelineers (Shoals:4)
  7 merfolk impalers
  4 deep elf high priests (Vaults:5)
  17 yaktaur captains
  Snorg (D:14)
  A fire dragon (D:15)
  3 jiangshi (Crypt:1)
  20 ogre magi
  42 vault guards
  An ice dragon (shapeshifter) (Vaults:4)
  3 rakshasas
  2 ice dragons
  4 great orbs of eyes
  14 naga warriors
  Fannar (Lair:1)
  3 catoblepae (Lair:6)
  4 hydras
  3 anacondas
  4 merfolk aquamancers (Shoals:4)
  3 merfolk avatars
  A hell beast (Crypt:1)
  3 death knights
  9 centaur warriors
  Harold (Lair:1)
  2 alligator snapping turtles (Shoals:4)
  2 satyrs (Shoals:4)
  2 deep troll shamans (Vaults:2)
  18 death yaks
  70 two-headed ogres
  Urug (Lair:1)
  2 tengu warriors (Depths:1)
  5 vampire magi
  13 dancing weapons
  A deep troll earth mage (Vaults:3)
  2 spriggan berserkers (Depths:1)
  A storm dragon zombie (D:15)
  6 shock serpents
  6 soul eaters
  A titan zombie (Crypt:1)
  A titan skeleton (Vaults:4)
  22 deep elf knights
  10 naga sharpshooters
  A storm dragon skeleton (D:15)
  2 spatial maelstroms (Abyss:3)
  A wretched star (Abyss:3)
  A salamander mystic (Snake:2)
  2 skeletal warriors (D:15)
  2 golden dragon zombies (D:15)
  A death drake (shapeshifter) (Vaults:5)
  8 small abominations
  2 shadow wraiths
  A fire crab (D:13)
  16 deep trolls
  A glowing orange brain (Vaults:3)
  12 sea snakes
  4 unseen horrors
  2 cherubim (Abyss:3)
  5 flayed ghosts
  A naga ritualist (Snake:1)
  A kraken simulacrum (Shoals:4)
  16 harpies
  6 wizards
  Pikel (D:8)
  25 deep elf archers
  4 phantasmal warriors
  10 orc knights
  16 ironbrand convokers
  A tengu zombie (Vaults:2)
  An iron dragon zombie (Crypt:2)
  A tengu skeleton (Vaults:2)
  65 deep elf magi
  6 necromancers
  4 mana vipers
  A fire giant zombie (Crypt:1)
  2 orc sorcerers
  A stone giant zombie (Vaults:2)
  4 wolf spiders
  28 ugly things
  10 fauns
  2 shining eyes (shapeshifter)
  6 cyclopes
  18 manticores
  7 salamanders
  A frost giant skeleton (Vaults:2)
  11 merfolk sirens
  A fire giant skeleton (Vaults:4)
  A stone giant skeleton (Vaults:4)
  5 elephants (Lair:6)
  6 water nymphs
  A torpor snail (Lair:4)
  A gargoyle (D:14)
  2 guardian serpents
  3 smoke demons (Abyss:3)
  24 naga magi
  28 black mambas
  An orange demon (Crypt:1)
  12 vault sentinels
  7 spiny frogs
  33 yaktaurs
  5 komodo dragons
  4 kobold demonologists
  A komodo dragon (shapeshifter) (Vaults:3)
  A hellwing (Abyss:3)
  11 freezing wraiths
  A ghost moth simulacrum (Abyss:3)
  A queen ant zombie (Crypt:1)
  A yaktaur skeleton (Vaults:2)
  An ancient zyme (Abyss:3)
  2 red devils (Crypt:1)
  A tengu conjurer (Elf:1)
  A guardian mummy (D:15)
  A polar bear (Lair:6)
  3 meliai (D:12)
  A troll (shapeshifter) (D:15)
  24 merfolk
  4 wind drakes
  4 hornets
  15 trolls
  Grinder (D:4)
  18 blink frogs
  A meliai zombie (D:14)
  28 slime creatures
  7 snapping turtles
  A bog body (Crypt:2)
  9 hippogriffs
  4 dream sheep (Shoals:3)
  2 human simulacra
  A centaur simulacrum (D:15)
  A flying skull (Vaults:3)
  2 yaks (shapeshifter)
  4 shadows
  A ynoxinul (Abyss:3)
  An ice dragon skeleton (Crypt:1)
  35 yaks
  An air elemental (Elf:1)
  A wyvern (D:15)
  A vampire (D:15)
  Sigmund (D:4)
  11 water elementals
  A yaktaur simulacrum (Vaults:1)
  9 wraiths
  4 basilisks
  2 chaos spawn (Abyss:3)
  Eustachio (D:4)
  9 vampire mosquitoes
  A neqoxec (Abyss:3)
  A hungry ghost (D:8)
  A spatial vortex (Abyss:3)
  7 wargs
  54 nagas
  A torturous demonspawn zombie (Crypt:1)
  A faun zombie (Crypt:1)
  A soldier ant (D:14)
  A floating eye (shapeshifter) (Vaults:1)
  6 water moccasins
  A gelid demonspawn skeleton (Crypt:1)
  5 porcupines
  An elf zombie (Vaults:4)
  2 sky beasts
  A sky beast (shapeshifter) (Vaults:2)
  A black bear (D:10)
  An eye of draining (shapeshifter) (Vaults:1)
  6 necrophages
  31 orc warriors
  8 ice beasts
  A slave (D:8)
  An eye of draining (D:11)
  56 ogres
  3 phantoms
  27 boggarts
  12 wolves (Lair:3)
  29 centaurs
  10 crocodiles
  A snapping turtle skeleton (Crypt:1)
  5 big kobolds
  Blork the orc (D:4)
  18 bullfrogs
  A wyvern zombie (D:12)
  A rime drake skeleton (Crypt:2)
  2 gnoll sergeants
  A hippogriff skeleton (Crypt:1)
  A wyvern skeleton (D:14)
  A glowing shapeshifter simulacrum (Vaults:4)
  15 killer bees
  A queen bee zombie (Crypt:2)
  2 scorpions
  An elf simulacrum (Vaults:1)
  A manticore simulacrum (Crypt:1)
  9 wights
  A howler monkey (D:13)
  3 electric eels (D:12)
  6 crimson imps
  6 jellies
  A bullfrog zombie (D:13)
  5 hounds
  5 human zombies
  22 orc wizards
  Crazy Yiuf (D:7)
  3 centaur zombies
  13 orc priests
  A quasit (D:9)
  A black bear zombie (Crypt:2)
  2 bullfrog skeletons (D:11)
  3 centaur skeletons
  7 iron imps (Crypt:1)
  4 human skeletons
  Ijyb (D:3)
  4 iguanas
  6 worker ants
  A hound skeleton (D:11)
  3 mummies
  17 adders
  10 gnolls
  3 river rats (Sewer)
  4 shadow imps
  2 oozes
  An iguana zombie (Crypt:1)
  5 worms
  A dart slug (D:5)
  4 leopard geckos
  71 orcs
  5 giant cockroaches
  6 goblins
  6 hobgoblins
  19 jackals
  26 kobolds
  7 quokkas
  6 ball pythons
  A ball python skeleton (Crypt:1)
  2 bats (D:3)
  11 frilled lizards
  A jackal skeleton (D:4)
  A jackal zombie (Crypt:1)
  A leopard gecko skeleton (D:5)
  An orc skeleton (D:8)
  6 rats
  A river rat skeleton (Crypt:1)
  A butterfly (Lair:4)
  2 crawling corpses (Vaults:5)
  2 fungi (Lair:6)
  13 plants
  6 tentacles
1825 creatures vanquished.

Vanquished Creatures (collateral kills)
  2 nagarajas (Snake:4)
  A vault warden (Vaults:1)
  A ghoul (Crypt:2)
  2 slime creatures (Vaults:1)
  A merfolk impaler (Shoals:4)
  A naga warrior (Snake:4)
  3 hydras
  A merfolk avatar (Shoals:4)
  A thrashing horror (Abyss:3)
  Sonja (Lair:2)
  3 naga sharpshooters (Snake:4)
  2 deep elf knights (Vaults:1)
  A titan skeleton (Crypt:2)
  A salamander mystic (Snake:4)
  A flayed ghost (Crypt:2)
  A deep elf archer (Vaults:1)
  5 ugly things (Vaults:1)
  A wolf spider (D:15)
  2 centaur zombies (D:15)
  A black mamba (Snake:4)
  A naga mage (Snake:4)
  A water nymph (Shoals:4)
  A rime drake (Lair:5)
  A centaur skeleton (D:15)
  A komodo dragon (Lair:6)
  A hellwing (Abyss:3)
  A wind drake (Shoals:4)
  2 merfolk (Lair:3)
  A water elemental (Shoals:4)
  A large abomination (Abyss:3)
  10 nagas (Snake:4)
  2 orc warriors (D:15)
  A crocodile (D:11)
  A rime drake skeleton (Crypt:2)
  A bullfrog (Lair:2)
  A lurking horror (Abyss:3)
59 creatures vanquished.

Vanquished Creatures (others)
  A deep elf death mage (Elf:1)
  2 deep elf knights
  An unseen horror (shapeshifter) (D:13)
  2 deep elf magi
  A naga mage (Snake:4)
  A blink frog (Lair:5)
  A slave (D:8)
  10 plants
  15 tentacles
  A withered plant (D:15)
35 creatures vanquished.

Grand Total: 1919 creatures vanquished

Notes
Turn   | Place    | Note
-------+----------+-------------------------------------------
     0 | D:1      | Fang the Gargoyle Berserker began the quest for the Orb.
     0 | D:1      | Reached XP level 1. HP: 14/14 MP: 1/1
   210 | D:1      | Reached XP level 2. HP: 19/19 MP: 2/2
   302 | D:1      | Reached * piety under Trog
   847 | D:2      | Reached XP level 3. HP: 20/24 MP: 3/3
  1025 | D:2      | Reached XP level 4. HP: 22/29 MP: 4/4
  1457 | D:3      | Noticed Ijyb
  1484 | D:3      | Killed Ijyb
  1750 | D:3      | Reached ** piety under Trog
  1754 | D:3      | Found a bloodstained altar of Trog.
  1797 | D:3      | Reached XP level 5. HP: 33/33 MP: 5/5
  2144 | D:3      | Found a glowing golden altar of the Shining One.
  2188 | D:3      | Reached XP level 6. HP: 39/39 MP: 6/6
  2501 | D:4      | Noticed Grinder
  2514 | D:4      | Killed Grinder
  2514 | D:4      | Reached skill level 5 in Fighting
  2514 | D:4      | Reached XP level 7. HP: 44/44 MP: 7/7
  2567 | D:4      | Noticed Blork the orc
  2586 | D:4      | Killed Blork the orc
  2653 | D:4      | Noticed Sigmund
  2677 | D:4      | Killed Sigmund
  2738 | D:4      | Reached skill level 5 in Armour
  3038 | D:4      | Reached XP level 8. HP: 51/51 MP: 8/8
  3142 | D:4      | Found a white marble altar of Elyvilon.
  3268 | D:4      | Reached *** piety under Trog
  3486 | D:4      | Noticed Eustachio
  3514 | D:4      | Reached skill level 5 in Axes
  3590 | D:4      | Killed Eustachio
  4349 | D:5      | Entered Level 5 of the Dungeon
  5240 | D:5      | Found a hide-covered altar of Uskayaw.
  5240 | D:5      | Found a sparkling altar of Nemelex Xobeh.
  5294 | D:6      | Found a glowing drain.
  5315 | Sewer    | Entered a sewer
  5506 | Sewer    | Reached XP level 9. HP: 56/56 MP: 9/9
  5701 | D:6      | Reached **** piety under Trog
  5701 | D:6      | Reached skill level 5 in Dodging
  6946 | D:7      | Found a staircase to the Ecumenical Temple.
  6992 | Temple   | Entered the Ecumenical Temple
  7631 | D:7      | Found a runed translucent door.
  7632 | D:7      | Noticed Crazy Yiuf
  7913 | D:7      | Killed Crazy Yiuf
  8173 | D:8      | Reached XP level 10. HP: 64/64 MP: 10/10
  8198 | D:8      | Reached ***** piety under Trog
  8212 | D:8      | Found a basalt altar of Yredelemnul.
  8347 | D:8      | Noticed Pikel
  8360 | D:8      | Killed Pikel
  8511 | D:8      | Found a flagged portal.
  8556 | D:8      | Noticed Gastronok
  8577 | D:8      | Killed Gastronok
  8839 | D:9      | Reached XP level 11. HP: 59/71 MP: 11/11
  8968 | D:9      | Noticed a two-headed ogre
  8974 | D:9      | Killed a two-headed ogre
  9052 | D:9      | Found a burning altar of Makhleb.
  9149 | D:9      | Reached skill level 10 in Fighting
  9459 | D:10     | Entered Level 10 of the Dungeon
  9566 | D:10     | Noticed a two-headed ogre
  9574 | D:10     | Killed a two-headed ogre
  9637 | D:10     | Found a snail-covered altar of Cheibriados.
  9896 | D:11     | Noticed a death yak
  9897 | D:11     | Found a staircase to the Lair.
  9897 | D:11     | Noticed a death yak
  9898 | D:11     | Noticed a death yak
  9912 | D:11     | Killed a death yak
  9912 | D:11     | Received a gift from Trog
  9912 | D:11     | Reached skill level 10 in Armour
  9915 | D:11     | Killed a death yak
  9915 | D:11     | HP: 3/109 [death yak (15)]
  9917 | D:11     | Killed a death yak
 10332 | D:11     | Found a staircase to the Orcish Mines.
 10586 | D:11     | Reached XP level 12. HP: 79/79 MP: 12/12
 11482 | D:11     | Noticed a four-headed hydra
 11492 | D:11     | Killed a six-headed hydra
 11796 | D:11     | Noticed a two-headed ogre
 11819 | D:11     | Killed a two-headed ogre
 12159 | Lair:1   | Entered Level 1 of the Lair of Beasts
 12357 | Lair:1   | Noticed Fannar
 12395 | Lair:1   | Killed Fannar
 12446 | Lair:1   | Noticed Harold
 12462 | Lair:1   | Killed Harold
 12462 | Lair:1   | Reached skill level 10 in Axes
 12540 | Lair:1   | Noticed Urug
 12573 | Lair:1   | Killed Urug
 13203 | Lair:2   | Noticed Sonja
 13203 | Lair:2   | Noticed a four-headed hydra
 13208 | Lair:2   | Killed a four-headed hydra
 13210 | Lair:2   | Killed Sonja
 13210 | Lair:2   | Reached XP level 13. HP: 86/86 MP: 13/13
 13608 | Lair:3   | Found a blossoming altar of Fedhas.
 13901 | Lair:3   | Found a staircase to the Shoals.
 14888 | Lair:4   | Found a staircase to the Snake Pit.
 15620 | Lair:5   | Found a staircase to the Slime Pits.
 15621 | Lair:5   | Found a viscous altar of Jiyva.
 16340 | Lair:5   | Noticed Nessos
 16390 | Lair:5   | Killed Nessos
 16390 | Lair:5   | Reached skill level 10 in Dodging
 16994 | Lair:6   | Entered Level 6 of the Lair of Beasts
 17246 | Lair:6   | Gained mutation: Your large and strong wings let you fly
                  | indefinitely. [Gargoyle growth]
 17246 | Lair:6   | Reached XP level 14. HP: 73/94 MP: 14/14
 17512 | Lair:6   | Received a gift from Trog
 18737 | Orc:1    | Entered Level 1 of the Orcish Mines
 19366 | D:12     | Got a pair of fine gloves
 19372 | D:12     | Identified the +1 pair of gloves of Eczadeil {MR+} (You
                  | found it on level 12 of the Dungeon)
 19611 | D:13     | Received a gift from Trog
 19616 | D:13     | Found a shattered altar of Ashenzari.
 19667 | D:13     | Found a gate to the Vaults.
 19773 | D:13     | Reached XP level 15. HP: 95/100 MP: 15/15
 20805 | D:14     | Noticed Snorg
 20814 | D:14     | Killed Snorg
 20826 | D:14     | Found a flickering gateway to a bazaar.
 21073 | Bazaar   | Entered a bazaar
 21075 | Bazaar   | Found Esaas's Gadget Boutique.
 21080 | Bazaar   | Found Orefoal's Antique Armour Emporium.
 21099 | Bazaar   | Found Uhaogier's Armour Shop.
 21107 | Bazaar   | Found Damul's General Store.
 21114 | Bazaar   | Found Menkywaech's Gadget Boutique.
 21115 | Bazaar   | Bought a scroll of identify for 26 gold pieces
 21136 | Bazaar   | Bought a scroll of magic mapping for 45 gold pieces
 21458 | D:14     | Found a transporter.
 21462 | D:14     | Found a transporter.
 21462 | D:14     | Found a corrupted altar of Lugonu.
 21932 | D:15     | Entered Level 15 of the Dungeon
 22773 | D:15     | Found a staircase to the Depths.
 23720 | D:15     | Reached skill level 15 in Fighting
 23992 | D:15     | Found a burning altar of Makhleb.
 24461 | Orc:1    | Received a gift from Trog
 24657 | Orc:1    | Reached skill level 15 in Armour
 24802 | Orc:2    | Entered Level 2 of the Orcish Mines
 24935 | Orc:2    | Noticed an orc warlord
 24954 | Orc:1    | Reached XP level 16. HP: 58/108 MP: 16/16
 25740 | Orc:2    | Found Dove's General Store.
 25750 | Orc:2    | Received a gift from Trog
 25764 | Orc:2    | Found Limigua's Distillery.
 25786 | Orc:2    | Found Miuxar's Armour Shop.
 25787 | Orc:2    | Bought the +3 war axe "Heacys Cikh" {chop, rElec} for 376
                  | gold pieces
 25794 | Orc:2    | Found Gyckuz's Antique Armour Shoppe.
 25795 | Orc:2    | Found a staircase to the Elven Halls.
 25798 | Orc:2    | Bought the +9 scales of the Dragon King {rPois rF+ rC+ MR+}
                  | for 1996 gold pieces
 25798 | Orc:2    | Found the +9 scales of the Dragon King {rPois rF+ rC+ MR+}
 25813 | Orc:2    | Bought a pair of glowing boots for 247 gold pieces
 26328 | Snake:1  | Entered Level 1 of the Snake Pit
 27320 | Snake:2  | Found a white marble altar of Elyvilon.
 27327 | Snake:2  | Found Vestrag's General Store.
 27547 | Snake:2  | Noticed a nagaraja
 27550 | Snake:2  | Reached ****** piety under Trog
 27572 | Snake:2  | HP: 8/165 [nagaraja/+0 club (4)]
 27573 | Snake:2  | Killed a nagaraja
 27573 | Snake:2  | Received a gift from Trog
 28209 | Snake:2  | Found a runed translucent door.
 28717 | Snake:3  | Reached XP level 17. HP: 104/115 MP: 17/17
 29620 | Snake:3  | Noticed Vashnia
 29698 | Snake:3  | Killed Vashnia
 29935 | Snake:4  | Entered Level 4 of the Snake Pit
 30766 | Snake:4  | Received a gift from Trog
 31221 | Snake:4  | Got a serpentine rune of Zot
 31532 | Shoals:1 | Entered Level 1 of the Shoals
 31642 | Shoals:1 | Noticed Frances
 31658 | Shoals:1 | Killed Frances
 31758 | Shoals:1 | Noticed a kraken
 31771 | Shoals:1 | Killed a kraken
 31771 | Shoals:1 | Reached XP level 18. HP: 100/123 MP: 18/18
 32189 | Shoals:1 | Identified Roxanne's Collected Works on Stones
 32189 | Shoals:1 | Noticed Roxanne
 32512 | Shoals:2 | Received a gift from Trog
 33671 | Shoals:3 | Noticed Louise
 33713 | Shoals:3 | Killed Louise
 33715 | Shoals:3 | Reached skill level 15 in Axes
 34541 | Shoals:4 | Entered Level 4 of the Shoals
 35751 | Shoals:4 | Got a barnacled rune of Zot
 35830 | Shoals:4 | Received a gift from Trog
 35833 | Shoals:4 | Got a shimmering hand axe {god gift}
 35834 | Shoals:4 | Identified the +9 hand axe of Trial by Ordeal {speed,
                  | +Blink +Rage Int-4} (Trog gifted it to you on level 4 of
                  | the Shoals)
 37517 | Shoals:4 | Reached XP level 19. HP: 130/130 MP: 19/19
 37905 | Vaults:1 | Entered Level 1 of the Vaults
 38418 | Vaults:1 | Received a gift from Trog
 38785 | Vaults:1 | Received a gift from Trog
 39822 | Vaults:1 | Received a gift from Trog
 40045 | Vaults:1 | Found Riddopruarph's Antique Armour Shoppe.
 40448 | Vaults:1 | Bought a glowing helmet for 300 gold pieces
 40783 | Vaults:1 | Reached XP level 20. HP: 70/137 MP: 20/20
 41234 | Vaults:1 | Reached skill level 15 in Dodging
 41599 | Vaults:1 | Received a gift from Trog
 41992 | Depths:1 | Entered Level 1 of the Depths
 42349 | Depths:1 | Identified the +5 battleaxe "Haduz" {chop, rC+ rN+++ MR-
                  | Dex-4}
 42481 | Depths:1 | Identified a scroll of acquirement
 42484 | Depths:1 | Got a dazzling executioner's axe
 42485 | Depths:1 | Identified the +9 executioner's axe "Naoluwugh" {protect,
                  | +Blink rElec rC+ Dex+7} (You acquired it on level 1 of the
                  | Depths)
 42508 | Depths:1 | Found a gateway to Hell.
 43341 | Depths:1 | Found a one-way gate to the infinite horrors of the Abyss.
 43671 | Depths:1 | Found a runed door.
 44097 | Orc:2    | Bought a potion of curing for 48 gold pieces
 44097 | Orc:2    | Bought a potion of curing for 48 gold pieces
 44097 | Orc:2    | Bought a potion of curing for 48 gold pieces
 44097 | Orc:2    | Bought a potion of curing for 48 gold pieces
 44109 | Elf:1    | Entered Level 1 of the Elven Halls
 44675 | Elf:1    | Received a gift from Trog
 45223 | Elf:2    | Found an ancient bone altar of Kikubaaqudgha.
 45251 | Elf:2    | Received a gift from Trog
 45814 | Elf:2    | Reached XP level 21. HP: 115/144 MP: 21/21
 45933 | Elf:2    | Found a portal to a secret trove of treasure.
 46007 | Elf:2    | Found Hagorph's One-of-a-Kind Books.
 46121 | Elf:2    | Found a large runed translucent door.
 46121 | Elf:2    | Found a large runed translucent door.
 46144 | Elf:2    | Found a large runed translucent door.
 46144 | Elf:2    | Found a large runed translucent door.
 46452 | Elf:3    | Entered Level 3 of the Elven Halls
 47192 | Depths:1 | Received a gift from Trog
 47554 | Vaults:2 | Received a gift from Trog
 48706 | Vaults:2 | Gained mutation: You occasionally shout uncontrollably at
                  | your foes. [a shining eye]
 48897 | Vaults:2 | Received a gift from Trog
 49393 | Vaults:2 | Received a gift from Trog
 49402 | Vaults:2 | Found Warchaduips's Food Shoppe.
 49646 | Vaults:3 | Noticed Mara
 49655 | Vaults:3 | Noticed Fang's illusion
 49679 | Vaults:3 | Killed Mara
 49679 | Vaults:3 | Reached XP level 22. HP: 152/152 MP: 22/22
 50321 | Vaults:3 | Found a staircase to the Crypt.
 50321 | Vaults:3 | Noticed Donald
 50333 | Vaults:3 | Killed Donald
 50833 | Vaults:3 | Received a gift from Trog
 52426 | Vaults:4 | Received a gift from Trog
 53388 | Vaults:5 | Entered Level 5 of the Vaults
 53402 | Vaults:5 | Reached XP level 23. HP: 160/160 MP: 23/23
 53409 | Vaults:5 | Received a gift from Trog
 53410 | Vaults:5 | Found the +8 mithril axe "Arga" {speed, MR+}
 54383 | Vaults:5 | Noticed a golden dragon
 54529 | Vaults:4 | Killed a golden dragon
 55100 | Vaults:5 | Received a gift from Trog
 55649 | Vaults:5 | Identified the +6 chain mail of Boiling Hail {+Inv rF+ MR+}
 56315 | Vaults:5 | Reached XP level 24. HP: 155/168 MP: 23/23
 56394 | Vaults:5 | Identified the +4 hunting sling "Kacaigoa" {flame, MR+}
 56394 | Vaults:5 | Identified the ring "Ufel" {rC++ MP+9 Str+6 Slay-2}
 56551 | Vaults:5 | Identified the +4 plate armour of Action {Int+2}
 56566 | Vaults:5 | Cast into level 3 of the Abyss (vault warden)
 56650 | Abyss:3  | Received a gift from Trog
 56861 | Vaults:5 | Escaped the Abyss
 57779 | Vaults:5 | Found Xintebla's Assorted Antiques.
 57800 | Vaults:5 | Identified the Compendium of the Manifold Deaths
 58267 | Vaults:5 | Identified the +2 leather armour of Zonnade {-Cast +Fly MR+
                  | Dex+9}
 58452 | Vaults:5 | Identified the +1 morningstar "Myciyn" {flame, Str+4}
 58611 | Vaults:5 | Received a gift from Trog
 58907 | Vaults:5 | Found the +0 sword of Power
 58916 | Vaults:5 | Got a silver rune of Zot
 59210 | Crypt:1  | Entered Level 1 of the Crypt
 59384 | Crypt:1  | Got a jewelled executioner's axe
 59385 | Crypt:1  | Identified the +9 executioner's axe of Valiance {chop,
                  | Str+4 Int+6 Dex-5} (You acquired it on level 1 of the
                  | Crypt)
 59439 | Crypt:1  | Noticed Frederick
 59454 | Crypt:1  | Killed Frederick
 59635 | Crypt:1  | Found an ancient bone altar of Kikubaaqudgha.
 60623 | Crypt:2  | Noticed Boris
 60643 | Crypt:2  | Killed Boris
 60650 | Crypt:2  | Noticed a greater mummy
 60677 | Crypt:1  | Killed a greater mummy
 61044 | Crypt:2  | Noticed Khufu
 61045 | Crypt:2  | Received a gift from Trog
 61048 | Crypt:2  | Noticed Mennas
 61056 | Crypt:2  | Killed Khufu
 61056 | Crypt:2  | Reached XP level 25. HP: 175/175 MP: 23/23
 61153 | Crypt:2  | HP: 6/175 [Mennas/+2 eudemon blade of holy wrath (10)]
 61159 | Crypt:2  | Slain by Mennas

Skill      XL: |  1  2  3  4  5  6  7  8  9 10 11 12 13 14 15 16 17 18 19 20 21 22 23 24 |
---------------+-------------------------------------------------------------------------+-----
Axes           | 3 4 5 6 8 9 10 11 12 13 14 15 16 17 18 19 | 19.5
Dodging        | 2 3 4 6 7 8 9 10 11 12 13 14 15 16 17 18 | 18.2
Armour         | 3 4 5 6 7 9 10 11 12 14 15 16 17 18 19 20 21 22 | 22.4
Fighting       | 4 5 6 8 9 10 12 13 14 15 16 17 18 19 20 21 22 | 22.5

Action                   |  1- 3 |  4- 6 |  7- 9 | 10-12 | 13-15 | 16-18 | 19-21 | 22-24 | 25-27 || total
-------------------------+-------+-------+-------+-------+-------+-------+-------+-------+-------++-------
Melee: Hand axe          |   119 |   169 |    49 |       |       |       |       |       |       ||   337
       War axe           |       |       |   586 |   633 |       |       |       |       |       ||  1219
       Broad axe         |       |       |       |    33 |  1247 |   275 |       |       |       ||  1555
       Battleaxe         |       |       |       |       |    55 |  1208 |   641 |       |       ||  1904
       Executioner's axe |       |       |       |       |       |       |   830 |  1089 |    55 ||  1974
Invok: Berserk           |       |     3 |    10 |    12 |    11 |    12 |    11 |    14 |     1 ||    74
       Trog's Hand       |       |     1 |       |     1 |     3 |     1 |       |       |       ||     6
       Brothers in Arms  |       |       |       |     2 |     7 |     4 |     6 |     2 |     1 ||    22
 Abil: Fly               |       |       |       |       |     1 |       |       |     1 |       ||     2
       Stop Flying       |       |       |       |       |       |       |     1 |       |       ||     1
       Evoke Blink       |       |       |       |       |       |       |     1 |       |       ||     1
  Use: Scroll            |       |       |    20 |    10 |    10 |    11 |     8 |    11 |       ||    70
       Potion            |       |       |       |     1 |     4 |     7 |     7 |     1 |     2 ||    22
 Stab: Petrified         |       |       |       |       |     6 |       |       |       |       ||     6
       Petrifying        |       |       |       |       |     1 |       |       |       |       ||     1
       Distracted        |       |       |       |       |       |     1 |       |       |       ||     1
  Eat: Chunk             |     1 |     7 |    40 |    36 |    53 |    50 |    48 |    33 |       ||   268
       Ration            |       |       |       |     1 |       |     2 |     3 |     5 |     1 ||    12
Armor: Animal skin       |     7 |       |       |       |       |       |       |       |       ||     7
       Plate armour      |    83 |   131 |   568 |   664 |  1513 |   193 |       |       |       ||  3152
       Gold dragon scale |       |       |       |       |       |  1774 |  1574 |  1371 |   158 ||  4877
Dodge: Dodged            |    54 |    67 |   356 |   450 |  1068 |   975 |  1116 |  1139 |    67 ||  5292
